 Dungeon Crawl Stone Soup version 0.25-a0-729-g14964f1db5 (webtiles) character file.

Game seed: 15732217957816962436, levelgen mode: classic

222359 EnegeticOcto the Unseen (level 18, -8/96 HPs)
             Began as a Spriggan Wizard on Apr 6, 2020.
             Was the Champion of Zin.
             Shot with a bolt by a naga sharpshooter (19 damage)
             ... on level 4 of the Snake Pit on Apr 7, 2020.
             The game lasted 02:48:44 (62986 turns).

EnegeticOcto the Unseen (Spriggan Wizard)          Turns: 62986, Time: 02:48:45

Health: -8/96      AC: 10    Str: 10    XL:     18   Next: 53%
Magic:  0/40       EV: 29    Int: 35    God:    Zin [******]
Gold:   308        SH:  0    Dex: 20    Spells: 6/51 levels left

rFire    + . .     SeeInvis +   b - +9 rapier (elec)
rCold    + . .     Gourm    .   (shield restricted)
rNeg     + . .     Faith    .   X - +2 robe {rC+ rF+}
rPois    ∞         Spirit   +   z - +2 hat {SInv}
rElec    +         Reflect  .   C - +2 cloak {rPois}
rCorr    +         Harm     .   (gloves unavailable)
MR       ++++.                  (boots unavailable)
Stlth    ++++++....             V - amulet of guardian spirit
HPRegen  0.26/turn              k - ring of wizardry
MPRegen  0.27/turn              A - ring of Hevobeum {rElec rN+ rCorr Int+8 Stlth-, =R}

@: brilliant, vitalised, very slightly contaminated, studying Armour, invisible,
very quick
A: very small, unfitting armour, hooves 1, horns 1, see invisible, herbivore,
speed 3, magic resistance 1, slow metabolism 2
}: 1/15 runes: barnacled
a: Recite, Vitalisation, Imprison, Sanctuary, Donate Gold, Renounce Religion


You were on level 4 of the Snake Pit.
You worshipped Zin.
Zin was exalted by your worship.
You were not hungry.

You visited 6 branches of the dungeon, and saw 32 of its levels.
You also visited: Gauntlet and Ice Cave.

You collected 3435 gold pieces.
You spent 2875 gold pieces at shops.
You donated 252 gold pieces to Zin.

Inventory:

Hand Weapons
 b - a +9 rapier of electrocution (weapon)
 Y - a +0 war axe of distortion
Missiles
 s - 2 throwing nets (quivered) {!f}
 J - 8 curare-tipped darts
Armour
 p - the +1 cloak of the Zebra {rF+ rC- Int+4}
   (You found it on level 4 of the Shoals)

   It affects your intelligence (+4).
   It protects you from fire.
   It makes you vulnerable to cold.
 z - a +2 hat of see invisible (worn)
 C - a +2 cloak of poison resistance (worn)
 X - a +2 robe of resistance (worn)
Magical Staves
 a - an uncursed staff of energy
 f - an uncursed staff of wizardry
Jewellery
 k - a ring of wizardry (left hand)
 A - the ring of Hevobeum (right hand) {rElec rN+ rCorr Int+8 Stlth-, =R}
   (You found it on level 4 of the Shoals)

   [ring of resist corrosion]

   It affects your intelligence (+8).
   It insulates you from electricity.
   It protects you from negative energy.
   It provides partial protection from all sources of acid and corrosion.
   It makes you less stealthy.
 V - an amulet of guardian spirit (around neck)
Wands
 j - a wand of iceblast (19) {@v2}
 n - a wand of scattershot (19)
 G - a wand of paralysis (16)
 N - a wand of digging (19) {@v3}
 P - a wand of flame (47) {@v4}
 Q - a wand of acid (7) {@v1}
 S - a wand of disintegration (18)
Scrolls
 g - 13 scrolls of remove curse {@r2}
 i - a scroll of silence
 l - a scroll of summoning
 w - 12 scrolls of teleportation {@r3 !r}
 y - 2 scrolls of brand weapon
 E - 6 scrolls of immolation
 H - 3 scrolls of holy word
 I - 2 scrolls of blinking {@r4}
 K - a scroll of fog {!r}
 L - a scroll of fear {!r}
 T - 7 scrolls of identify {@r1}
 U - 2 scrolls of enchant armour
Potions
 c - 20 potions of curing {@q1 !q}
 d - 5 potions of mutation
 h - a potion of berserk rage
 m - 4 potions of lignification {@q6}
 q - 4 potions of haste {@q4 !q}
 t - 6 potions of resistance
 u - 3 potions of stabbing {@q5 !q}
 x - 4 potions of magic
 B - a potion of ambrosia
 D - 3 potions of brilliance
 F - 4 potions of invisibility
 M - 2 potions of might {@q3 !q}
 O - a potion of heal wounds {@q2 !q}
 R - a potion of cancellation
Books
 o - a manual of Armour
Miscellaneous
 Z - a phial of floods
Comestibles
 e - 28 rations


   Skills:
 + Level 11.6 Fighting
 - Level 14.0 Short Blades
 - Level 8.0 Armour
 - Level 12.1 Dodging
 + Level 17.8 Stealth
 - Level 17.0 Spellcasting
 - Level 1.0 Conjurations
 + Level 12.5 Hexes
 - Level 8.0 Charms
   Level 0.7 Summonings
 - Level 1.5 Translocations
 - Level 3.0 Fire Magic
 - Level 3.1 Air Magic
 - Level 3.0 Poison Magic
 - Level 12.0 Invocations
 - Level 8.1 Evocations


You had 6 spell levels left.
You knew the following spells:

 Your Spells              Type           Power        Failure   Level  Hunger
a - Magic Dart            Conj           ####         1%          1    None
b - Mephitic Cloud        Conj/Pois/Air  ######..     1%          3    None
c - Slow                  Hex            ########     0%          2    None
d - Inner Flame           Hex/Fire       #######.     1%          3    None
e - Conjure Flame         Conj/Fire      ######..     1%          3    None
f - Invisibility          Hex            ########     1%          6    None
g - Darkness              Hex            ########..   1%          6    None
h - Apportation           Tloc           ######       1%          1    None
i - Deflect Missiles      Chrm/Air       #######...   8%          6    None
j - Discord               Hex            ########..   19%         8    None
p - Passwall              Tmut/Erth      #####...     1%          2    None
V - Swiftness             Chrm/Air       #######.     1%          2    None
Y - Blink                 Tloc           N/A          1%          2    None

Your spell library contained the following spells:

 Spells                   Type           Power        Failure   Level  Hunger
 Corona                   Hex            #######      0%          1    None
 Animate Skeleton         Necr           N/A          1%          1    None
 Foxfire                  Conj/Fire      ####         1%          1    None
 Freeze                   Ice            ####         1%          1    None
 Infusion                 Chrm           ####         1%          1    None
 Pain                     Necr           ####         1%          1    None
 Shock                    Conj/Air       ####         1%          1    None
 Summon Small Mammal      Summ           ####         1%          1    None
 Call Imp                 Summ           ######..     1%          2    None
 Shroud of Golubria       Chrm/Tloc      ######       1%          2    None
 Song of Slaying          Chrm           #######.     1%          2    None
 Sublimation of Blood     Necr           #####.....   1%          2    None
 Frozen Ramparts          Ice            #####.       1%          3    None
 Ignite Poison            Fire/Tmut/Pois ######..     1%          3    None
 Ozocubu's Armour         Chrm/Ice       ######..     1%          3    None
 Spectral Weapon          Hex/Chrm       ########     1%          3    None
 Static Discharge         Conj/Air       ######..     1%          3    None
 Vampiric Draining        Necr           #####.....   1%          3    None
 Airstrike                Air            ######....   1%          4    None
 Cause Fear               Hex            ########..   1%          4    None
 Silence                  Hex/Air        #######...   1%          5    None
 Yara's Violent Unravell  Hex/Tmut       #######...   1%          5    None
 Passage of Golubria      Tloc           N/A          2%          4    None
 Sticky Flame             Conj/Fire      ######..     2%          4    None
 Summon Lightning Spire   Summ/Air       ######..     2%          4    None
 Animate Dead             Necr           N/A          4%          4    None
 Hailstorm                Conj/Ice       #####...     4%          4    None
 Petrify                  Tmut/Erth      #####...     4%          4    None
 Summon Ice Beast         Ice/Summ       #####...     4%          4    None
 Fireball                 Conj/Fire      ######....   6%          5    None
 Lightning Bolt           Conj/Air       ######....   6%          5    None
 Alistair's Intoxication  Tmut/Pois      ######..     8%          5    None
 Irradiate                Conj/Tmut      #####.....   11%         5    None
 Agony                    Necr           #####...     13%         5    None
 Blade Hands              Tmut           #####.....   13%         5    None
 Lee's Rapid Deconstruct  Erth           #####.....   13%         5    None
 Conjure Ball Lightning   Conj/Air       ######....   32%         6    None
 Eringya's Noxious Bog    Tmut/Pois      ######....   36%         6    None
 Ozocubu's Refrigeration  Ice            #####.....   56%         6    None
 Dragon Form              Tmut           #####.....   98%         7    None
 Dragon's Call            Summ           ######....   100%        9    None
 Tornado                  Air            ######....   100%        9    None


Dungeon Overview and Level Annotations

Branches:
Dungeon (15/15)            Temple (1/1) D:5            Lair (6/6) D:11
 Shoals (4/4) Lair:3        Snake (4/4) Lair:2        Slime (0/5) Lair:6
    Orc (2/2) D:11            Elf (0/3) Orc:2        Vaults (0/5) D:14
 Depths (0/5) D:15          IceCv (visited)         Gauntlet (visited)

Altars:
Ashenzari
Cheibriados
Dithmenos
Elyvilon
Fedhas
Gozag
Hepliaklqana
Kikubaaqudgha
Makhleb
Nemelex Xobeh
Okawaru
Qazlal
Ru
Sif Muna
Trog
Uskayaw
Vehumet
Wu Jian
Xom
Yredelemnul
Zin
The Shining One
Beogh
Jiyva

Shops:
D:6 (   D:11 **   D:14 :   D:15 (}*   Orc:2 :%[?   Shoals:3 =*   Snake:2 :[!*

Portals:
Pandemonium: Orc:2

Annotations:
D:10 3 runed translucent doors, Baz's ghost, journeyman MfIE


Innate Abilities, Weirdness & Mutations

You are very small and have problems with some larger weapons.
You are too small for most types of armour.
You have supernaturally acute eyesight. (SInv)
You are a herbivore.
You cover ground extremely quickly.
You need to consume almost no food.
You have large cloven feet.
You have a pair of small horns on your head.
You are resistant to hostile enchantments. (MR+)


Message History

The naga ritualist is confused by your recitation.
The naga ritualist shouts!
The salamander mystic is confused by your recitation.
You finish reciting Anathema 5:72.
You hear a shout!
The naga warrior is lost in a daze.
The guardian serpent casts a spell at you.
The bolt of poison hits you but does no damage.
Your divine stamina protects you from poison!
You resist.
The salamander mystic struggles to escape constriction.
The guardian serpent is lost in a daze.
The naga sharpshooter completely misses something.
The naga sharpshooter constricts the salamander mystic.
Something hits the naga sharpshooter!
The naga sharpshooter is constricted.
The guardian serpent coils itself and waves its upper body at you.
The bolt of poison misses you.
Evoke which item? (* to show all) (? for menu, Esc to quit)
Aiming: Paralyse
Press: ? - help, Shift-Dir - straight line, f - guardian serpent
Aim: a guardian serpent (heavily wounded, dazed, chance to defeat MR: 34%)
The guardian serpent suddenly stops moving!
The naga warrior hits the naga sharpshooter with a +0 battleaxe!
The naga warrior hits the salamander mystic with a +0 battleaxe!
A guardian serpent comes into view.
The salamander mystic hits something but does no damage.
The guardian serpent weaves intricate patterns with the tip of its tongue.
The naga blinks!
The naga ritualist blinks!
The naga sharpshooter blinks!
The naga ritualist closely misses the naga sharpshooter.
The naga sharpshooter barely misses something.
The naga sharpshooter constricts the salamander mystic.
The salamander mystic is killed!
Something loses its grip on the naga sharpshooter.
The naga warrior is lost in a daze.
You hear a shout!
The helpless guardian serpent fails to defend itself.
You perforate the guardian serpent like a sieve!!!!!
Lightning courses through the guardian serpent!
You kill the guardian serpent!
The guardian serpent casts a spell at you.
The bolt of poison misses you.
The bolt of poison hits the naga.
The naga sharpshooter spits poison at you.
The splash of poison misses you.
The naga ritualist shouts, "What's happening?!"
The naga ritualist hits the guardian serpent but does no damage.
The guardian serpent is poisoned.
Something barely misses the naga warrior.
The naga asks, "Where am I?"
The guardian serpent gestures with its tail.
The guardian serpent blinks!
The naga ritualist blinks!
The naga warrior is lost in a daze.
Things that are here:
a +0 halberd; a bolt Evoke which item? (* to show all) (? for menu, Esc to quit)
Aiming: Paralyse
Press: ? - help, Shift-Dir - straight line, f - guardian serpent
Aim: a guardian serpent (translocational energy, lightly wounded, poisoned, chance to defeat MR: 34%)
The guardian serpent easily resists.
The guardian serpent barely misses you. The guardian serpent misses you.
The naga sharpshooter shoots a bolt.
The bolt misses you.
The bolt hits the naga ritualist!!
The naga warrior is lost in a daze.
The naga misses the guardian serpent.
The guardian serpent misses you.
Evoke which item? (* to show all) (? for menu, Esc to quit)
Aiming: Paralyse
Press: ? - help, Shift-Dir - straight line, f/p - guardian serpent
Aim: a guardian serpent (lightly wounded, poisoned, chance to defeat MR: 34%)
The guardian serpent easily resists.
The guardian serpent casts a spell at you.
The bolt of poison hits you but does no damage.
Your divine stamina protects you from poison!
You resist.
The guardian serpent completely misses you.
The guardian serpent barely misses you.
The naga sharpshooter shoots a bolt.
The bolt hits you!!
The naga ritualist completely misses you.
The guardian serpent hits you!!
* * * LOW HITPOINT WARNING * * *
The naga hits the guardian serpent with a +0 glaive!
You feel a bit more experienced.
The guardian serpent weaves intricate patterns with the tip of its tongue.
The naga ritualist blinks!
The naga sharpshooter blinks!
The naga blinks!
Really quaff
O - 2 potions of heal wounds {@q2 !q}?
You feel much better. The guardian serpent hits you!!
* * * LOW HITPOINT WARNING * * *
The guardian serpent completely misses you.
The naga sharpshooter shoots a bolt.
The bolt hits you!
* * * LOW HITPOINT WARNING * * *
The naga completely misses you.
The guardian serpent closely misses you.
Blink to where?
Press: ? - help, Dir - move target cursor, p - guardian serpent
As you read the scroll of blinking {@r4}, it crumbles to dust.
The guardian serpent coils itself and performs some mystic snake dance.
The naga sharpshooter blinks!
The guardian serpent blinks!
The naga ritualist closely misses you. The guardian serpent hits you!!
Zin protects you from harm!
The naga sharpshooter mumbles some strange words.
The naga sharpshooter magically shoots a bolt.
The bolt hits you!!
You die...

#.#..)[)...#...........§##))### #
#.#...#)...#..........NS)§(...# #
..##(#######...........§[§##(.# #
....[.......†.........§.N.....##.
.....)......#######......).......
............## #..).)..........
.............## ##..)............
##............###S...)[..........
.'#..#.........N@N...............
..#.##.....#######...).........##
..#.##...###.....#.....##......#
..#.#...†#.......##...####.....#
.##......#.......†#..## #.....##
##.......#........#.## ##.....#
.........#........#.# #....)#
.........#........#.# #......
...[.....#.?......'.# ##.....


You could see a naga sharpshooter, a naga ritualist (confused), 2 guardian
serpents and a naga (confused).

Vanquished Creatures
  Jorgrun (Snake:2)
  An Ice Fiend (IceCv)
  Asterion (Snake:3)
  Frances (D:13)
  Agnes (D:14)
  2 nagarajas (Snake:4)
  2 orc warlords
  Aizul (Snake:4)
  A stone giant (D:11)
  A minotaur (Gauntlet)
  Snorg (Lair:4)
  3 merfolk javelineers (Shoals:4)
  A fire dragon (Lair:6)
  9 merfolk impalers
  Josephine (Lair:4)
  9 naga warriors
  2 merfolk avatars
  6 hydras
  4 vault guards (D:14)
  An alligator snapping turtle (Shoals:4)
  An ogre mage (D:15)
  Erolcha (D:12)
  4 merfolk aquamancers
  4 catoblepae
  8 two-headed ogres
  A satyr (Shoals:4)
  11 anacondas
  5 naga sharpshooters
  5 death yaks
  7 orc high priests
  A sun demon (Orc:2)
  8 shock serpents
  Sonja (D:11)
  A deep elf knight (Orc:1)
  6 salamander mystics
  22 sea snakes
  A torturous demonspawn (Orc:2)
  A gelid demonspawn (Orc:2)
  4 naga ritualists
  3 unseen horrors
  5 lindwurms (Lair:6)
  5 orc knights
  8 deep elf magi
  2 wizards
  A necromancer (D:15)
  8 orc sorcerers
  10 mana vipers
  3 fauns (Shoals:1)
  9 ugly things
  A wolf spider (Lair:6)
  31 harpies
  8 salamanders
  An oklob plant (Lair:2)
  5 cyclopes
  12 manticores
  A rust devil (Orc:2)
  32 black mambas
  4 guardian serpents
  2 water nymphs
  17 naga magi
  An ice statue (IceCv)
  8 merfolk sirens
  4 gargoyles
  7 torpor snails (Lair:6)
  7 komodo dragons
  10 spiny frogs
  7 anaconda simulacra (IceCv)
  7 ice devils (IceCv)
  7 freezing wraiths
  3 rime drakes
  11 trolls
  A polar bear (Lair:6)
  4 wind drakes
  3 harpy zombies (Shoals:3)
  A meliai (shapeshifter) (D:14)
  3 tyrant leeches (Lair:6)
  33 merfolk
  12 blink frogs
  8 hornets
  A hippogriff (shapeshifter) (D:14)
  A wolf spider simulacrum (IceCv)
  2 raiju (Gauntlet)
  5 snapping turtles
  8 slime creatures (D:14)
  18 hippogriffs
  2 meliai zombies
  Sigmund (D:6)
  5 centaur simulacra
  2 shadows
  6 wyverns
  A vampire (D:14)
  A dire elephant simulacrum (IceCv)
  8 water elementals
  A ynoxinul (Orc:2)
  4 wraiths
  33 yaks
  2 basilisks (Lair:6)
  Grum (D:11)
  4 hogs (D:7)
  2 hungry ghosts (D:10)
  A human (D:7)
  A steam dragon (D:11)
  5 vampire mosquitoes
  A death yak simulacrum (IceCv)
  36 nagas
  5 harpy simulacra (IceCv)
  6 wargs
  18 water moccasins
  A hydra simulacrum (IceCv)
  3 iron troll simulacra (IceCv)
  2 acid dragons (D:14)
  Duvessa (D:5)
  11 sky beasts
  37 orc warriors
  5 porcupines
  A swamp drake (Orc:2)
  2 ettin simulacra (IceCv)
  A hornet zombie (D:10)
  4 ice beasts
  2 black bears
  A necrophage (D:12)
  2 phantoms
  5 wolves
  10 ogres
  3 eyes of draining (D:14)
  13 centaurs
  10 crocodiles
  5 big kobolds
  A hippogriff zombie (Shoals:3)
  2 wyvern zombies
  Blork the orc (D:6)
  20 bullfrogs
  Dowan (D:5)
  6 scorpions
  17 wights
  An elephant simulacrum (IceCv)
  2 electric eels (Lair:4)
  3 howler monkeys (D:12)
  10 crimson imps
  2 centaur zombies
  5 hounds
  2 quasits
  2 bullfrog zombies
  A draconian simulacrum (IceCv)
  2 bullfrog skeletons
  7 centaur skeletons
  26 orc priests
  5 iguanas
  10 jellies
  18 orc wizards
  An iron imp (Orc:2)
  3 hell rats (Lair:1)
  A lightning spire (Gauntlet)
  8 worker ants
  5 troll simulacra (IceCv)
  A killer bee zombie (D:9)
  A hound skeleton (D:8)
  A howler monkey skeleton (D:6)
  11 adders
  2 gnolls
  2 naga simulacra (IceCv)
  An ogre simulacrum (IceCv)
  4 river rats (Lair:1)
  4 shadow imps
  12 white imps
  5 ufetubi (IceCv)
  An ooze (D:5)
  An adder skeleton (D:8)
  2 adder zombies
  3 worms
  2 dart slugs
  6 leopard geckos
  89 orcs
  2 ball pythons (D:3)
  4 giant cockroaches
  8 goblins
  7 hobgoblins
  19 jackals
  26 kobolds
  21 bats
  12 frilled lizards
  A leopard gecko skeleton (D:6)
  12 rats
  A butterfly (Lair:3)
  7 fungi
  8 plants
1184 creatures vanquished.

Vanquished Creatures (collateral kills)
  A nagaraja (Snake:4)
  A naga warrior (Snake:4)
  A naga sharpshooter (Snake:4)
  3 naga ritualists (Snake:4)
  A guardian serpent (Snake:4)
  A naga mage (Snake:4)
  3 nagas (Snake:4)
  A crimson imp (D:5)
  A centaur skeleton (D:4)
  A bullfrog skeleton (D:5)
  Terence (D:1)
  2 gnolls (D:5)
  An adder zombie (D:5)
  An orc (D:5)
  2 jackals (D:1)
  A quokka (D:5)
22 creatures vanquished.

Vanquished Creatures (others)
  An anaconda (Snake:4)
  2 naga sharpshooters (Snake:4)
  A naga mage (Snake:4)
  A shadow imp (Orc:2)
  An orc (Orc:2)
  61 fungi
  98 plants
  3 toadstools (D:1)
168 creatures vanquished.

Grand Total: 1374 creatures vanquished

Notes
Turn   | Place    | Note
-------+----------+-------------------------------------------
     0 | D:1      | EnegeticOcto the Spriggan Wizard began the quest for the
                  | Orb.
     0 | D:1      | Reached XP level 1. HP: 9/9 MP: 6/6
   276 | D:1      | Reached XP level 2. HP: 13/13 MP: 6/8
   281 | D:1      | Learned a level 2 spell: Call Imp
   290 | D:1      | Learned a level 2 spell: Blink
   293 | D:1      | Learned a level 2 spell: Slow
   611 | D:1      | Reached skill level 5 in Spellcasting
  1081 | D:1      | Reached XP level 3. HP: 16/16 MP: 7/10
  1437 | D:1      | Learned a level 3 spell: Mephitic Cloud
  1458 | D:2      | Noticed Terence
  1509 | D:1      | Killed Terence
  2076 | D:2      | Found a shadowy altar of Dithmenos.
  2297 | D:2      | Reached XP level 4. HP: 21/21 MP: 1/12
  2717 | D:2      | Gained mutation: You have a pair of small horns on your
                  | head. [potion of mutation]
  2717 | D:2      | Gained mutation: You have large cloven feet. [potion of
                  | mutation]
  2717 | D:2      | Gained mutation: You are resistant to hostile enchantments.
                  | (MR+) [potion of mutation]
  2748 | D:3      | Noticed a bullfrog
  2764 | D:3      | Killed a bullfrog
  2886 | D:3      | Reached skill level 5 in Stealth
  3032 | D:3      | Noticed a bullfrog
  3047 | D:2      | Killed a bullfrog
  3047 | D:2      | Reached skill level 1 in Fighting
  3047 | D:2      | Reached XP level 5. HP: 25/25 MP: 1/14
  3367 | D:3      | You fall into a shaft and drop 1 floor!
  3406 | D:3      | Found a glowing golden altar of the Shining One.
  4617 | D:4      | Reached XP level 6. HP: 24/32 MP: 4/16
  4992 | D:4      | Reached skill level 1 in Poison Magic
  5251 | D:5      | Entered Level 5 of the Dungeon
  6261 | D:5      | Noticed Duvessa
  6273 | D:5      | Noticed Dowan
  6291 | D:5      | Reached skill level 1 in Conjurations
  6312 | D:5      | Killed Duvessa
  6312 | D:5      | Reached skill level 1 in Short Blades
  6312 | D:5      | Reached skill level 1 in Air Magic
  6312 | D:5      | Reached XP level 7. HP: 31/36 MP: 7/17
  6324 | D:5      | Killed Dowan
  7038 | D:5      | Found a staircase to the Ecumenical Temple.
  7047 | Temple   | Entered the Ecumenical Temple
  7098 | Temple   | Became a worshipper of Zin the Law-Giver
  7098 | Temple   | Reached * piety under Zin
  7190 | D:5      | Learned a level 3 spell: Conjure Flame
  7308 | D:6      | Found Bunuskaf's Weapon Emporium.
  7441 | D:6      | Reached skill level 1 in Invocations
  7441 | D:6      | Reached XP level 8. HP: 34/40 MP: 0/19
  7644 | D:6      | Reached ** piety under Zin
  8033 | D:5      | Reached skill level 1 in Hexes
  8367 | D:6      | Reached skill level 5 in Dodging
  8478 | D:6      | Noticed Sigmund
  8499 | D:6      | Killed Sigmund
  8499 | D:6      | Reached skill level 5 in Short Blades
  8965 | D:6      | Noticed Blork the orc
  8978 | D:6      | Killed Blork the orc
  9555 | D:7      | Found a shattered altar of Ashenzari.
  9556 | D:7      | Found an ancient bone altar of Kikubaaqudgha.
  9706 | D:7      | Reached XP level 9. HP: 38/45 MP: 15/21
 10030 | D:7      | Got a clouded silver ring
 10032 | D:7      | Identified the ring "Toire" {*Slow rF+ rCorr Str+3} (You
                  | found it on level 7 of the Dungeon)
 10057 | D:7      | Reached skill level 1 in Evocations
 10448 | D:7      | Found a hide-covered altar of Uskayaw.
 10454 | D:7      | Found a stormy altar of Qazlal.
 10455 | D:7      | Found a shadowy altar of Dithmenos.
 10455 | D:7      | Found a sparkling altar of Nemelex Xobeh.
 10455 | D:7      | Found a basalt altar of Yredelemnul.
 10455 | D:7      | Found a blossoming altar of Fedhas.
 10473 | D:7      | Found a burning altar of Makhleb.
 10474 | D:7      | Found an opulent altar of Gozag.
 10476 | D:7      | Found a sacrificial altar of Ru.
 12029 | D:8      | Reached *** piety under Zin
 12029 | D:8      | Reached skill level 5 in Fighting
 12277 | D:8      | Found a shimmering blue altar of Sif Muna.
 12538 | D:8      | Found a shimmering altar of Xom.
 12611 | D:8      | Reached XP level 10. HP: 49/51 MP: 18/24
 12913 | D:8      | Noticed a five-headed hydra
 13694 | D:9      | Noticed a two-headed ogre
 13742 | D:9      | Killed a two-headed ogre
 14598 | D:9      | Learned a level 3 spell: Inner Flame
 14621 | D:10     | Entered Level 10 of the Dungeon
 14621 | D:10     | Found a runed translucent door.
 14621 | D:10     | Found a runed translucent door.
 14621 | D:10     | Found the +2 shield of Resistance {rF+ rC+ MR+}
 14621 | D:10     | Noticed a fire dragon
 14624 | D:10     | Noticed an ice dragon
 14754 | D:10     | Noticed an ice dragon
 14755 | D:10     | Noticed a fire dragon
 15032 | D:9      | Reached skill level 1 in Fire Magic
 15522 | D:10     | Found a runed translucent door.
 15525 | D:10     | Identified the +3 spear of Eqiargh {elec, rN+}
 15526 | D:10     | Noticed Baz's ghost (journeyman MfIE)
 15526 | D:10     | Noticed a spriggan rider
 15575 | D:10     | Noticed a two-headed ogre
 15584 | D:10     | Killed a two-headed ogre
 15584 | D:10     | Reached skill level 10 in Short Blades
 15584 | D:10     | Reached skill level 5 in Hexes
 15976 | D:11     | Noticed an unseen horror
 15982 | D:11     | Found a staircase to the Lair.
 16025 | D:10     | Killed an unseen horror
 16025 | D:10     | Reached XP level 11. HP: 34/56 MP: 21/25
 16212 | D:10     | Reached **** piety under Zin
 16641 | D:11     | Noticed a red ugly thing
 16827 | D:11     | Noticed Grum
 16856 | D:11     | Killed Grum
 17399 | D:11     | Found a staircase to the Orcish Mines.
 18221 | D:11     | Noticed Sonja
 18222 | D:11     | Reached skill level 5 in Invocations
 18231 | D:11     | Killed Sonja
 18417 | D:11     | Found Gimmyvu's Assorted Antiques.
 18430 | D:11     | Killed a red ugly thing
 18454 | D:11     | Bought a scroll labeled HEALIM NARR for 26 gold pieces
 18487 | D:11     | Found Syanesch Nupt's General Store.
 18946 | Orc:1    | Entered Level 1 of the Orcish Mines
 18974 | Orc:1    | Noticed an orc high priest
 19244 | Lair:1   | Entered Level 1 of the Lair of Beasts
 19288 | Lair:1   | Noticed an eight-headed hydra
 19291 | Lair:1   | Found a gate leading to a gauntlet.
 19331 | Gauntlet | Entered a Gauntlet
 19331 | Gauntlet | Found a large runed translucent door.
 19331 | Gauntlet | Found a large runed translucent door.
 19331 | Gauntlet | Found a large runed translucent door.
 19331 | Gauntlet | Found a large runed translucent door.
 19331 | Gauntlet | Found a runed translucent gate.
 19331 | Gauntlet | Found a large runed translucent door.
 19331 | Gauntlet | Found a large runed translucent door.
 19331 | Gauntlet | Found a transporter.
 19331 | Gauntlet | Found a large runed translucent door.
 19331 | Gauntlet | Found a large runed translucent door.
 19331 | Gauntlet | Found a runed translucent gate.
 19331 | Gauntlet | Found a runed translucent door.
 19331 | Gauntlet | Found a runed translucent gate.
 19331 | Gauntlet | Found a runed translucent gate.
 19331 | Gauntlet | Found a runed translucent gate.
 19331 | Gauntlet | Found a transporter.
 19331 | Gauntlet | Found a transporter.
 19331 | Gauntlet | Noticed a wizard
 19331 | Gauntlet | Noticed a catoblepas
 19351 | Gauntlet | Found a transporter.
 19354 | Gauntlet | Found a transporter.
 19365 | Gauntlet | Found a transporter.
 19373 | Gauntlet | Noticed an obsidian statue
 19378 | Gauntlet | Found a transporter.
 19391 | Gauntlet | Found a transporter.
 19409 | Gauntlet | Found a transporter.
 19412 | Gauntlet | Found a transporter.
 19413 | Gauntlet | Noticed a wizard
 19422 | Gauntlet | Found a transporter.
 19427 | Gauntlet | Found a runed translucent gate.
 19428 | Gauntlet | Found a large runed translucent door.
 19428 | Gauntlet | Found a large runed translucent door.
 19429 | Gauntlet | Found a large runed translucent door.
 19430 | Gauntlet | Found a large runed translucent door.
 19431 | Gauntlet | Found a large runed translucent door.
 19431 | Gauntlet | Found a large runed translucent door.
 19431 | Gauntlet | Found a runed translucent door.
 19432 | Gauntlet | Found a large runed translucent door.
 19433 | Gauntlet | Found a large runed translucent door.
 19470 | Gauntlet | Found a transporter.
 19650 | Gauntlet | Killed a wizard
 19735 | Gauntlet | Got a faintly humming cloak
 19749 | Gauntlet | Identified the cursed +0 cloak of Entitlement {rC+ MR+
                  | rCorr Str-2} (You found it in a Gauntlet)
 20051 | Gauntlet | Got an ancient glass ring
 20056 | Gauntlet | Identified the ring "Imoreisk" {Str-3 Dex+2 SInv Stlth-}
                  | (You found it in a Gauntlet)
 20091 | Gauntlet | Noticed a minotaur
 20464 | Gauntlet | Killed a minotaur
 20490 | Gauntlet | Identified Seseoc's Almanac of Mutagenic Cold
 20547 | Lair:1   | Reached skill level 10 in Dodging
 20613 | Lair:1   | Killed an eight-headed hydra
 20613 | Lair:1   | Reached XP level 12. HP: 64/64 MP: 15/26
 20819 | Lair:1   | Reached ***** piety under Zin
 22430 | Lair:2   | Found a staircase to the Snake Pit.
 22691 | Lair:2   | Found a glowing golden altar of the Shining One.
 23171 | Lair:2   | Noticed an eight-headed hydra
 23199 | Lair:2   | Killed an eight-headed hydra
 23666 | Lair:3   | Noticed a catoblepas
 24711 | Lair:3   | Found a staircase to the Shoals.
 24984 | Lair:4   | Noticed Snorg
 24999 | Lair:4   | Killed Snorg
 25128 | Lair:4   | Learned a level 2 spell: Swiftness
 25673 | Lair:4   | Noticed Josephine
 25688 | Lair:4   | Killed Josephine
 26123 | Lair:4   | Reached XP level 13. HP: 41/70 MP: 8/27
 27736 | Lair:6   | Entered Level 6 of the Lair of Beasts
 28092 | Lair:6   | Reached skill level 10 in Fighting
 28398 | Lair:6   | Reached skill level 10 in Invocations
 28671 | Lair:5   | Reached skill level 1 in Armour
 29165 | Lair:6   | Reached skill level 5 in Evocations
 30312 | Lair:6   | Found a viscous altar of Jiyva.
 30312 | Lair:6   | Found a staircase to the Slime Pits.
 30435 | Lair:6   | Reached skill level 10 in Spellcasting
 31349 | Lair:6   | Found a runed translucent door.
 31350 | Lair:6   | Noticed a fire dragon
 31609 | Lair:6   | Reached XP level 14. HP: 77/77 MP: 20/29
 32627 | Lair:6   | Reached skill level 10 in Stealth
 33075 | Orc:1    | Noticed an orc warlord
 33144 | D:11     | Killed an orc warlord
 33548 | Orc:1    | Reached ****** piety under Zin
 33687 | Orc:1    | Noticed a stone giant
 33946 | D:11     | Killed a stone giant
 34082 | Orc:1    | Identified the +1 chain mail of the Baker {Dex+6}
 34461 | Orc:1    | Noticed an orc warlord
 34511 | Orc:1    | Killed an orc warlord
 34865 | Orc:2    | Entered Level 2 of the Orcish Mines
 35388 | Orc:2    | Found a roughly hewn altar of Beogh.
 36076 | Orc:2    | Found a staircase to the Elven Halls.
 36422 | Orc:2    | Found Qyot's Food Shop.
 36708 | Orc:2    | Found Aganyhod's Magic Scroll Boutique.
 38258 | Orc:2    | Found Efuneut's Book Emporium.
 38258 | Orc:2    | Found Fuzyri Noce's Antique Armour Shoppe.
 38258 | Orc:2    | Found a one-way gate leading to the halls of Pandemonium.
 38373 | Orc:2    | Bought a glowing hat for 238 gold pieces
 39097 | D:12     | Reached XP level 15. HP: 80/80 MP: 30/30
 39791 | D:12     | Noticed Erolcha
 39801 | D:12     | Killed Erolcha
 40228 | D:13     | Noticed Frances
 40859 | D:13     | Reached skill level 15 in Stealth
 41042 | D:13     | Killed Frances
 41042 | D:13     | Reached skill level 10 in Hexes
 41459 | D:14     | Found Qakop's Book Shoppe.
 41463 | D:14     | Bought a book of Burglary for 1275 gold pieces
 41470 | D:14     | Learned a level 6 spell: Invisibility
 41876 | D:14     | Upgraded the game from 0.25-a0-719-gde951dce62 to
                  | 0.25-a0-729-g14964f1db5
 42339 | D:14     | Noticed Agnes
 43173 | D:14     | Found a gate to the Vaults.
 43479 | D:14     | Killed Agnes
 44374 | D:15     | Entered Level 15 of the Dungeon
 44392 | D:15     | Found Facuu's Weapon Boutique.
 44660 | D:15     | Found Kiorovvasu's Gadget Shoppe.
 44688 | D:15     | Found Jaamij's General Store.
 45407 | D:15     | Found a staircase to the Depths.
 45762 | D:15     | Reached XP level 16. HP: 84/84 MP: 29/35
 45845 | D:15     | Bought a wand of acid (3) for 196 gold pieces
 45845 | D:15     | Bought a wand of paralysis (13) for 210 gold pieces
 46425 | Orc:2    | Bought a scroll of blinking for 90 gold pieces
 46425 | Orc:2    | Bought a scroll of enchant weapon for 90 gold pieces
 46556 | Shoals:1 | Entered Level 1 of the Shoals
 48198 | Shoals:1 | Reached skill level 15 in Spellcasting
 50146 | Shoals:3 | Found Raeza's General Store.
 50419 | Shoals:3 | Found Zoute's Jewellery Shoppe.
 51079 | Shoals:3 | Identified a scroll of acquirement
 51450 | Shoals:4 | Entered Level 4 of the Shoals
 51458 | Shoals:4 | Learned a level 6 spell: Darkness
 51461 | Shoals:4 | Learned a level 2 spell: Passwall
 51463 | Shoals:4 | Learned a level 1 spell: Apportation
 52838 | Shoals:4 | Identified the +1 cloak of the Zebra {rF+ rC- Int+4} (You
                  | found it on level 4 of the Shoals)
 52879 | Shoals:4 | Reached XP level 17. HP: 88/88 MP: 34/38
 52944 | Shoals:4 | Got a barnacled rune of Zot
 53248 | Shoals:4 | Identified the +3 hand axe of Execution {flame, rC- Str+7}
                  | (You found it on level 4 of the Shoals)
 53420 | Shoals:4 | Got a brightly glowing brass ring
 53421 | Shoals:4 | Identified the ring of Hevobeum {rElec rN+ rCorr Int+8
                  | Stlth-} (You found it on level 4 of the Shoals)
 54149 | Snake:1  | Entered Level 1 of the Snake Pit
 54657 | Snake:1  | Reached skill level 5 in Armour
 55365 | Snake:2  | Found Geog's Distillery.
 55365 | Snake:2  | Found Teedeengig's Armour Boutique.
 55367 | Snake:2  | Found Rolac's General Store.
 55368 | Snake:2  | Found Ececeor's Book Boutique.
 55390 | Snake:2  | Bought a book of Enchantments for 750 gold pieces
 55398 | Snake:2  | Learned a level 6 spell: Deflect Missiles
 55484 | Snake:2  | Noticed Jorgrun
 55499 | Snake:2  | Killed Jorgrun
 55499 | Snake:2  | Reached skill level 1 in Charms
 56907 | Snake:3  | Noticed Asterion
 56913 | Snake:3  | Found a frozen archway.
 56997 | IceCv    | Entered an ice cave
 57244 | IceCv    | Reached skill level 5 in Charms
 57828 | IceCv    | Noticed an Ice Fiend
 58162 | IceCv    | Killed an Ice Fiend
 58172 | IceCv    | Identified the +9 short sword "Meas" {vamp, rN+ Int+4} (You
                  | found it in an ice cave)
 58485 | Snake:3  | Killed Asterion
 60018 | Snake:4  | Entered Level 4 of the Snake Pit
 60416 | Snake:4  | Reached XP level 18. HP: 95/95 MP: 37/40
 60860 | Snake:4  | Noticed Aizul
 60959 | Snake:4  | Killed Aizul
 62891 | Snake:3  | Learned a level 8 spell: Discord
 62986 | Snake:4  | Zin protects you from harm!
 62986 | Snake:4  | Shot with a bolt by a naga sharpshooter

Levels and vault maps discovered:
D:1:      matt_arrival_los_fun, layout_basic, minmay_gold_behind_fungi
D:2:      layout_basic, grunt_dithmenos_smoke, uniq_terence
D:3:      layout_loops_ring, tso_altar, minmay_lizard_king
D:4:      layout_loops_ring
D:5:      layout_rooms, minmay_temple_entry_mist, first_ration, uniq_duvessa
D:6:      layout_basic, serial_shops, shop, uniq_blork_the_orc, uniq_sigmund
D:7:      layout_loops_ring, minitemple, nicolae_overflow_hidden_temple,
          grunt_livestock
D:8:      layout_basic, lemuel_crystal_altar, basic_altar, nicolae_wwwww,
          minmay_manual_mullet
D:9:      layout_gridville
D:10:     layout_cave_pools, ebering_ghost_funeral_grove, serial_glass,
          glass_columns_a, glass_columns_a, minmay_misc_feat_five,
          statue_in_the_mist_lemuel, minmay_guarded_unrand_resistance
D:11:     layout_roguey, due_lair_maze_entry_diamond, david_orc_2, serial_shops,
          nicolae_shop_behind_doors, shop, uniq_grum, uniq_sonja
D:12:     layout_roguey, uniq_erolcha
D:13:     layout_basic, uniq_frances
D:14:     layout_basic, lightli_vaults_fourway_checkpoint, serial_shops,
          nicolae_shop_crystal, kennysheep_kite_vault, uniq_agnes
D:15:     grunt_enter_depths_magical_seal, layout_gridville, nrook_mini_vaults,
          serial_shops, nicolae_shop_behind_doors, shop, nicolae_shop_stone
Temple:   kb_temple_of_zot
Lair:1:   layout_gridlike, gauntlet_entry_generic,
          chequers_serial_rivers_large_a, kennysheep_abandoned_house
Lair:2:   layout_small_grid, minmay_snake_entry_guardpost_small,
          roderic_batcave, lemuel_oklob_altar, grunt_megastairs_4
Lair:3:   layout_small_grid, elwin_shoals_entry_rooms, lemuel_fruit_fields
Lair:4:   layout_cave_pods, serial_bayou_shore_a, uniq_josephine, uniq_snorg
Lair:5:   layout_small_grid, lemuel_fruit_tree
Lair:6:   hangedman_lair_in_review, layout_regular_city, wormcave,
          slime_altar_1, st_stairs_11
Shoals:1: layout_shoals
Shoals:2: layout_shoals
Shoals:3: layout_shoals, serial_shops, nicolae_shop_waterfront, shop_statue,
          nicolae_shoals_undead_eyrie
Shoals:4: shoals_end_hangedman, layout_shoals, nicolae_shoals_wave_tunnel
Snake:1:  layout_honeycomb
Snake:2:  layout_gridlike, st_stairs_7, grunt_ministairs_10, grunt_megastairs_3,
          minmay_shoptagon, uniq_jorgrun
Snake:3:  layout_cave_town, portal_ice_cave_entry_frozen_things, uniq_asterion
Snake:4:  johnstein_snake_rune_scales, layout_cave_town, library_closet,
          serial_bayou_lake_a, uniq_aizul
Orc:1:    layout_diamond_mine, elf_legates
Orc:2:    pf_orc_diabolical, layout_diamond_mine, basic_altar,
          hangedman_minor_magic

Skill      XL: |  1  2  3  4  5  6  7  8  9 10 11 12 13 14 15 16 17 18 |
---------------+-------------------------------------------------------+-----
Spellcasting   | 5 6 7 9 10 14 16 17 | 17.0
Stealth        | 4 5 9 14 15 16 17 | 17.8
Fighting       | 1 3 4 5 6 7 9 10 11 | 11.6
Poison Magic   | 2 3 |  3.0
Conjurations   | 1 |  1.0
Short Blades   | 1 4 5 6 10 13 14 | 14.0
Air Magic      | 1 3 |  3.1
Dodging        | 4 6 7 10 12 | 12.1
Invocations    | 1 2 4 6 8 10 12 | 12.0
Hexes          | 3 4 6 8 10 11 12 | 12.5
Evocations     | 4 8 |  8.1
Fire Magic     | 2 3 |  3.0
Armour         | 3 4 7 8 |  8.0
Charms         | 8 |  8.0
Summonings     | |  0.7
Translocations | |  1.5

Action                   |  1- 3 |  4- 6 |  7- 9 | 10-12 | 13-15 | 16-18 || total
-------------------------+-------+-------+-------+-------+-------+-------++-------
Melee: Whip              |     4 |       |       |       |       |       ||     4
       Dagger            |    23 |    19 |   332 |   351 |   991 |    20 ||  1736
       Quarterstaff      |       |    16 |       |       |       |       ||    16
       Kick              |       |     8 |    79 |    90 |   272 |   242 ||   691
       Headbutt          |       |     5 |    50 |    50 |   216 |   181 ||   502
       Rapier            |       |       |       |       |   116 |  1285 ||  1401
       Staff             |       |       |       |       |       |     1 ||     1
Throw: Dart              |     1 |    29 |     6 |    11 |    42 |       ||    89
       Throwing net      |       |       |       |       |     3 |       ||     3
 Cast: Magic Dart        |   118 |   186 |   270 |   509 |   475 |   188 ||  1746
       Call Imp          |     9 |    22 |     7 |       |       |       ||    38
       Slow              |       |    18 |    54 |    69 |   108 |    55 ||   304
       Mephitic Cloud    |       |     2 |    18 |    31 |    29 |       ||    80
       Conjure Flame     |       |       |     1 |       |       |       ||     1
       Inner Flame       |       |       |       |   124 |   258 |    45 ||   427
       Invisibility      |       |       |       |       |     9 |    28 ||    37
       Passwall          |       |       |       |       |       |    10 ||    10
       Deflect Missiles  |       |       |       |       |       |     6 ||     6
       Discord           |       |       |       |       |       |     2 ||     2
Invok: Recite            |       |       |    17 |    13 |    21 |    21 ||    72
       Vitalisation      |       |       |     1 |     2 |     1 |     1 ||     5
Evoke: Wand              |       |       |     1 |     9 |    18 |    60 ||    88
  Use: Scroll            |       |     5 |     9 |    17 |     4 |    15 ||    50
       Potion            |       |     2 |       |       |     1 |     8 ||    11
 Stab: Sleeping          |     1 |     2 |     3 |     6 |    54 |    71 ||   137
       Distracted        |       |     2 |     2 |       |     3 |     1 ||     8
       Confused          |       |     2 |    10 |    21 |    26 |    17 ||    76
       Invisible         |       |       |     1 |       |    31 |    92 ||   124
       Paralysed         |       |       |       |     3 |    12 |     3 ||    18
       Held in net/web   |       |       |       |       |     1 |       ||     1
  Eat: Ration            |       |     1 |     4 |     7 |    12 |    11 ||    35
Armor: Robe              |     3 |     6 |    19 |    10 |    29 |    62 ||   129
       Steam dragon scal |       |       |       |    14 |    14 |       ||    28
Dodge: Dodged            |    24 |    77 |   233 |   321 |   665 |  1201 ||  2521
       Deflected         |       |       |     1 |    10 |    20 |    38 ||    69

Table legend:
 A = Non-vault XP
 B = Vault XP
 C = Vault XP percentage of total XP
 D = Non-vault monster count
 E = Vault monster count
 F = Vault count percentage of total count
                 A         B        C        D         E       F
            +---------+---------+-------+---------+---------+-------
      Total |  206336 |  129563 |  38.6 |     797 |     394 |  33.1
            +---------+---------+-------+---------+---------+-------
        D:1 |      48 |      21 |  30.4 |      31 |       1 |   3.1
        D:2 |     119 |       0 |   0.0 |      16 |       0 |   0.0
        D:3 |     105 |      11 |   9.5 |      22 |       9 |  29.0
        D:4 |     155 |       0 |   0.0 |       8 |       0 |   0.0
        D:5 |     853 |     152 |  15.1 |      36 |       2 |   5.3
        D:6 |     881 |     313 |  26.2 |      21 |       2 |   8.7
        D:7 |     795 |     645 |  44.8 |      14 |       5 |  26.3
        D:8 |    1516 |    1846 |  54.9 |      35 |       6 |  14.6
        D:9 |    2219 |       0 |   0.0 |      12 |       0 |   0.0
       D:10 |    2716 |     211 |   7.2 |      32 |       2 |   5.9
       D:11 |    6537 |    3884 |  37.3 |      55 |      18 |  24.7
       D:12 |    6671 |     947 |  12.4 |      38 |       1 |   2.6
       D:13 |    4435 |    2189 |  33.0 |      20 |       1 |   4.8
       D:14 |   11857 |   11263 |  48.7 |      35 |      29 |  45.3
       D:15 |   11373 |    3539 |  23.7 |      31 |       8 |  20.5
     Lair:1 |    2779 |     529 |  16.0 |       9 |      12 |  57.1
     Lair:2 |    5816 |    1735 |  23.0 |      19 |      16 |  45.7
     Lair:3 |    1021 |    1231 |  54.7 |       6 |       3 |  33.3
     Lair:4 |    2354 |    2819 |  54.5 |      13 |       5 |  27.8
     Lair:5 |    5568 |       0 |   0.0 |      12 |       0 |   0.0
     Lair:6 |   10865 |   15721 |  59.1 |      35 |      39 |  52.7
   Shoals:1 |   18334 |       0 |   0.0 |      35 |       0 |   0.0
   Shoals:2 |   10643 |       0 |   0.0 |      23 |       0 |   0.0
   Shoals:3 |   10662 |     996 |   8.5 |      20 |       4 |  16.7
   Shoals:4 |    4454 |   23378 |  84.0 |       8 |      42 |  84.0
    Snake:1 |   11056 |       0 |   0.0 |      21 |       0 |   0.0
    Snake:2 |    7797 |    5791 |  42.6 |      14 |       7 |  33.3
    Snake:3 |   19540 |    3724 |  16.0 |      38 |       4 |   9.5
    Snake:4 |   36866 |   13324 |  26.5 |      63 |      28 |  30.8
      Orc:1 |    5960 |    4728 |  44.2 |      39 |      10 |  20.4
      Orc:2 |    2341 |   16934 |  87.9 |      36 |      73 |  67.0
      IceCv |       0 |   11265 | 100.0 |       0 |      59 | 100.0
   Gauntlet |       0 |    2367 | 100.0 |       0 |       8 | 100.0
            +---------+---------+-------+---------+---------+-------
